Map: Ascension to Aiur LE

Players

Spectrum

  • Race: Protoss Protoss
  • League: Platinum
  • Spawn Location: 11:00

Juxtapose - Winner!

  • Race: Terran Terran
  • League: Gold
  • Spawn Location: 5:00

VOD

https://youtu.be/-nS0cExwUA4

Description

This was a pretty standard match for me of Terran versus Protoss.

Time

  • Played on: Dec. 23, 2017, 3:40 p.m.
  • Length: 7:04
Show
View Real Time Build Order
Export as new Build Order

Spectrum Protoss 

Build Orders: Double Forge, Nexus First 

Get SALT Encoding   

  12  0:02  Probe  
  13  0:14  Probe  
  13  0:20  Pylon  
  14  0:26  Probe  
  15  0:38  Probe  
  16  0:50  Probe  
  17  1:01  Nexus  
  17  1:15  Gateway  
  17  1:22  Assimilator  
  17  1:25  Assimilator  
  17  1:31  Probe  
  18  1:44  Pylon  
  18  1:49  Probe  
  19  2:01  Probe  
  19  2:06  Cybernetics Core  
  20  2:12  Gateway  
  20  2:15  Probe x2  
  22  2:27  Probe x2  
  26  2:38  Warp Gate (Chrono Boost)  
  26  2:39  Stalker (Chrono Boost)  
  26  2:46  Probe x2  
  28  2:54  Pylon  
  28  2:59  Probe x2  
  28  3:02  Stalker, Sentry  
  34  3:21  Probe x2  
  36  3:28  Stalker  
  36  3:29  Robotics Facility  
  36  3:32  Stalker  
  36  3:33  Probe  
  41  3:35  Probe  
  42  3:45  Probe  
  42  3:47  Probe  
  44  3:57  Probe, Assimilator  
  44  3:59  Probe  
  44  4:01  Twilight Council  
  46  4:09  Pylon  
  46  4:11  Gateway  
  46  4:13  Gateway  
  46  4:16  Observer  
  47  4:23  Pylon  
  47  4:25  Forge  
  47  4:26  Forge  
  47  4:30  Probe x2  
  49  4:38  Assimilator  
  49  4:42  Probe x2  
  49  4:43  Observer  
  52  4:50  Phoenix  
  52  4:56  Protoss Ground Weapons Level 1 (Chrono Boost), Protoss Ground Armor Level 1 (Chrono Boost)  
  52  5:04  Probe x2  
  54  5:08  Stalker  
  54  5:10  Stalker  
  58  5:17  Immortal (Chrono Boost)  
  62  5:33  Zealot x4  
  70  5:38  Pylon  
  70  5:40  Pylon  
  70  5:41  Pylon  
  70  5:45  Shield Battery  
  70  5:48  Shield Battery  
  58  5:55  Zealot  
  58  5:56  Zealot x3  
  50  6:16  Zealot  
  50  6:17  Zealot x2  
  48  6:37  Stalker x2  
Show
View Real Time Build Order
Export as new Build Order

Juxtapose Terran - Winner!

Build Orders:  

Get SALT Encoding   

  12  0:01  SCV  
  13  0:13  SCV  
  14  0:20  Supply Depot  
  14  0:25  SCV  
  15  0:41  SCV  
  16  0:44  Barracks  
  16  0:47  Supply Depot  
  16  0:53  SCV  
  17  1:02  Refinery  
  17  1:06  SCV  
  18  1:16  Refinery  
  18  1:18  SCV  
  19  1:44  Orbital Command  
  19  1:51  Barracks Reactor  
  19  2:12  SCV  
  20  2:20  Factory  
  20  2:23  Engineering Bay  
  20  2:24  SCV  
  21  2:33  Marine x2  
  21  2:35  Supply Depot  
  21  2:36  SCV  
  24  2:48  SCV  
  25  2:51  Marine x2  
  27  3:00  SCV, Supply Depot  
  28  3:08  Missile Turret  
  28  3:12  Factory Reactor  
  27  3:14  Marine x2  
  27  3:18  SCV  
  30  3:26  Terran Infantry Weapons Level 1  
  30  3:31  Starport  
  30  3:33  Marine x2  
  32  3:51  Cyclone x2  
  38  4:10  Marine x2  
  38  4:13  Starport Tech Lab  
  40  4:23  Cyclone x2  
  46  4:26  Supply Depot  
  46  4:28  Marine  
  47  4:47  Marine x2, Medivac  
  47  4:49  Supply Depot  
  51  4:55  Cyclone  
  54  5:05  Command Center, Marine  
  55  5:10  Marine  
  56  5:15  Supply Depot  
  56  5:23  Marine  
  57  5:28  Marine  
  57  5:32  Cyclone  
  61  5:41  Marine  
  55  5:51  Marine  
  55  5:52  Cyclone  
  56  5:58  Marine  
  52  6:17  Marine x2  
  52  6:18  Cyclone  
Tags
 
Add a new tag
Caveats
  • Supply blocks, unpowered buildings, or Contaminate may cause inaccurate times.
  • Supply counts are checked every 10 seconds.